 Dungeon Crawl Stone Soup version 0.30-a0-723-gc1506a1cf0 (webtiles) character file.

Game seed: 9465020436094430621

273 oldriver the Trooper (level 6, 0/56 HPs)
             Began as a Ghoul Fighter on Jan 29, 2023.
             Slain by a mummy (5 damage)
             ... in an ossuary.
             The game lasted 00:03:52 (2197 turns).

oldriver the Trooper (Ghoul Fighter)                Turns: 2197, Time: 00:03:52

Health: 0/56       AC: 16    Str: 25    XL:     6   Next: 24%
Magic:  5/5        EV:  9    Int:  3    God:
Gold:   87         SH:  4    Dex:  8    Spells: 5/5 levels left

rFire   + . .      SeeInvis .      - Unarmed
rCold   + + .      Faith    .    b - +0 buckler
rNeg    + + +      Spirit   .    a - +0 scale mail
rPois   ∞          Reflect  .    (no helmet)
rElec   +          Harm     .    (no cloak)
rCorr   +          Rampage  .    c - +1 pair of gloves {Str+3}
Will    .....                    (no boots) Stlth
                                 (no amulet)
HPRegen 0.00/turn                e - +4 ring of protection
MPRegen 0.09/turn                l - +4 ring of protection

@: brilliant, resistant, inhibited regen, hasted (expiring), very quick
A: claws 1, cold resistance 1, negative energy resistance 3, inhibited
regeneration, torment resistance 2, devour on kill
a: no special abilities


You were in an ossuary.
You visited 1 branch of the dungeon, and saw 4 of its levels.
You also visited: Ossuary.

You collected 114 gold pieces.
You spent 27 gold pieces at shops.

Inventory:

Hand Weapons
 o - the +3 short sword "Ultimatum" {drain, Int+2}
   (You found it on level 4 of the Dungeon)

   Int:       It affects your intelligence (+2).
Armour
 a - a +0 scale mail (worn)
 b - a +0 buckler (worn)
 c - a +1 pair of gloves of strength (worn)
 d - a +0 pair of gloves
Jewellery
 e - a +4 ring of protection (left hand)
 f - a +6 ring of intelligence
 l - a +4 ring of protection (right hand)
Scrolls
 g - 4 scrolls of amnesia
 h - a scroll of brand weapon {unknown}
 j - 3 scrolls of fear
 n - 2 scrolls of poison
Potions
 k - 3 potions of cancellation
 q - a potion of lignification


   Skills:
 + Level 5.6 Fighting
 - Level 3.0 Armour
 + Level 4.6 Shields
 - Level 2.1 Unarmed Combat


You had 5 spell levels left.
You didn't know any spells.
Your spell library contained the following spells:

 Spells                   Type           Power      Damage    Failure   Level
 Apportation              Tloc           0%         N/A       88%         1
 Kiss of Death            Conj/Necr      0%         2d5       88%         1
 Confusing Touch          Hex            0%         N/A       99%         3
 Dispel Undead            Necr           0%         3d6       100%        4
 Alistair's Intoxication  Tmut/Pois      0%         N/A       100%        5


Dungeon Overview and Level Annotations

Branches:
Dungeon (4/15)            Ossuary (1/1)
 Temple: D:4-7

Altars:
Dithmenos
Wu Jian

Shops:
D:1 *((


Innate Abilities, Weirdness & Mutations

You are immune to poison.
You have sharp fingernails.
Your flesh is cold resistant. (rC+)
You are immune to negative energy. (rN+++)
You do not regenerate when monsters are visible.
You are immune to unholy pain and torment.
You thrive by killing the living.


Message History

You closely miss the water moccasin zombie.
The water moccasin zombie is moderately damaged.
You closely miss the water moccasin zombie.
The water moccasin zombie is moderately damaged.
The water moccasin zombie closely misses you.
You hit the water moccasin zombie.
The water moccasin zombie is moderately damaged.
The water moccasin zombie bites you but does no damage.
You hit the water moccasin zombie.
The water moccasin zombie is moderately damaged.
You block the water moccasin zombie's attack.
You barely miss the water moccasin zombie.
The water moccasin zombie is moderately damaged.
You hit the water moccasin zombie.
The water moccasin zombie is heavily damaged.
You block the water moccasin zombie's attack.
You hit the water moccasin zombie.
The water moccasin zombie is severely damaged.
The water moccasin zombie bites you but does no damage.
You closely miss the water moccasin zombie.
The water moccasin zombie is severely damaged.
You hit the mummy.
The mummy is lightly damaged.
You hit the mummy.
The mummy is heavily damaged.
You barely miss the mummy.
The mummy is heavily damaged.
You hit the mummy.
The mummy is heavily damaged.
You hit the mummy.
The mummy is severely damaged.
The mummy closely misses you.
You completely miss the mummy.
The mummy is severely damaged.
Your extra speed is starting to run out.
You hit the mummy.
The mummy is severely damaged.
A hornet zombie comes into view.
The mummy hits you.
You die...

≈≈ ##≈# ~.#
~.### ..~P#
#####~~~#
#...#ZZP# #
#.∩@MZ##~≈#
#∩..#~~P~≈#
#####~#~~#≈#
~~+ ## ##~#
#~~ +~≈ #..
#.##


You could see a mummy, a water moccasin zombie, a wyvern zombie and a hornet
zombie (wandering).

Vanquished Creatures
  A phantom (D:4)
  A water moccasin zombie (Ossuary)
  An iguana (D:4)
  A killer bee zombie (Ossuary)
  A mummy (Ossuary)
  3 adders
  2 worms
  A dart slug (D:4)
  3 orcs (D:3)
  2 endoplasms (D:1)
  2 giant cockroaches (D:1)
  3 goblins
  5 hobgoblins
  2 jackals (D:1)
  4 kobolds
  A quokka (D:1)
  5 ball pythons
  3 bats
  2 frilled lizards
  7 rats
50 creatures vanquished.

Vanquished Creatures (collateral kills)
  A worm (D:4)
  An endoplasm (D:4)
2 creatures vanquished.

Vanquished Creatures (others)
  A butterfly (D:3)
1 creature vanquished.

Grand Total: 53 creatures vanquished

Notes
Turn   | Place    | Note
-------+----------+-------------------------------------------
     0 | D:1      | oldriver the Ghoul Fighter began the quest for the Orb.
     0 | D:1      | Reached XP level 1. HP: 19/19 MP: 0/0
    27 | D:1      | Found Quwyetos's Weapon Shop.
   174 | D:1      | Reached XP level 2. HP: 25/26 MP: 1/1
   255 | D:1      | Found Gilyph's Antique Weapon Shop.
   440 | D:1      | Found Waclo's Assorted Antiques.
   615 | D:1      | Reached XP level 3. HP: 33/33 MP: 2/2
   619 | D:1      | Bought a scroll labelled SEORHYARPHI for 27 gold pieces
   802 | D:2      | Reached skill level 4 in Fighting
  1399 | D:3      | Found an ornate altar of the Wu Jian Council.
  1407 | D:3      | Reached XP level 4. HP: 40/40 MP: 3/3
  1986 | D:4      | Found a shadowy altar of Dithmenos.
  1999 | D:4      | Noticed a phantom
  2020 | D:4      | Killed a phantom
  2021 | D:4      | Reached skill level 5 in Fighting
  2021 | D:4      | Reached XP level 5. HP: 31/48 MP: 4/4
  2060 | D:4      | Identified the +3 short sword "Ultimatum" {drain, Int+2}
  2088 | D:4      | Found a sand-covered staircase.
  2107 | Ossuary  | Entered an ossuary
  2137 | Ossuary  | Reached XP level 6. HP: 44/56 MP: 5/5
  2197 | Ossuary  | Slain by a mummy

Illustrated notes

Levels and vault maps discovered:
D:1:      saegor_arrival_miasma, layout_rooms, serial_shops,
          nicolae_shop_waterfront, nicolae_shop_window_shopping,
          nicolae_shop_waterfront
D:2:      layout_basic
D:3:      layout_loops_ring, mainiacjoe_overflow_24_doors,
          nicolae_elyvilon_peaceful_grove
D:4:      layout_rooms, mainiacjoe_overflow_tiny_flanked, lemuel_round_altar,
          minmay_temple_entry_statues_fountains, serial_shops,
          nicolae_shop_overgrown_old_shop, biasface_ghost_orc_armoury,
          nicolae_ossuary_entry_false_entrances
Ossuary:  ossuary_zaba_flooded

Skill      XL: |  1  2  3  4 |
---------------+-------------+-----
Armour         | 3 |  3.0
Shields        | 3 4 |  4.6
Fighting       | 4 5 |  5.6
Unarmed Combat | |  2.1

Action                     |  1- 3 |  4- 6 || total
---------------------------+-------+-------++-------
  Melee: Unarmed           |   166 |   136 ||   302
    Use: Scroll            |     1 |     9 ||    10
         Potion            |       |     4 ||     4
 Armour: Scale mail        |    92 |    64 ||   156
  Dodge: Dodged            |    72 |    44 ||   116
  Block: Buckler           |    33 |    21 ||    54

Table legend: (Time is in decaauts)
 A = Elapsed time spent in this place.
 B = Non-inter-level travel time spent in this place.
 C = Inter-level travel time spent in this place.
 D = Time resting spent in this place.
 E = Time spent auto-exploring this place.
 F = Levels seen in this place.
 G = Mean time per level.
                   A        B        C        D        E       F      G
               +--------+--------+--------+--------+--------+-----+--------+
         Total |   2183 |   2099 |     84 |      0 |   1464 |   5 |  436.6 |
       Dungeon |   2108 |   2024 |     84 |      0 |   1462 |   4 |  527.0 |
       Ossuary |     74 |     74 |      0 |      0 |      2 |   1 |   74.0 |
               +--------+--------+--------+--------+--------+-----+--------+

Top non-repeatable levels by time:
     D:1: 690 daAuts
     D:3: 672 daAuts
     D:2: 547 daAuts
     D:4: 198 daAuts
 Ossuary: 74 daAuts
